 Dungeon Crawl Stone Soup version 0.23-a0-407-g92528d7 (webtiles) character file.

60 MisterFreud the Sneak (level 3, 0/15 HPs)
             Began as a Felid Transmuter on Nov 7, 2018.
             Succumbed to an adder's poison
             ... on level 2 of the Dungeon.
             The game lasted 00:03:33 (1466 turns).

MisterFreud the Sneak (Felid Transmuter)            Turns: 1466, Time: 00:03:34

Health: 0/15       AC:  1    Str:  7    XL:     3   Next: 82%
Magic:  6/7        EV: 18    Int: 19    God:
Gold:   72         SH:  0    Dex: 16    Spells: 0/6 levels left
                                        Lives:  0   Deaths: 0

rFire    . . .     SeeInvis +     - Unarmed
rCold    . . .     Gourm    .   (shield unavailable)
rNeg     . . .     Faith    .   (armour unavailable)
rPois    .         Spirit   .   (helmet unavailable)
rElec    .         Reflect  .   (cloak unavailable)
rCorr    .         Harm     .   (gloves unavailable)
MR       .....                  (boots unavailable)
Stlth    +++.......             (no amulet)
HPRegen  0.05/turn              (no ring)
MPRegen  0.10/turn              (no ring)

@: brilliant, lethally poisoned (0 -> -4), flying, quick
A: very small, no armour, no weapons or thrown items, stealth, claws 1, fangs 3,
see invisible, carnivore, speed 1, shaggy fur 1, slow metabolism 1, sharp paws
a: no special abilities


You were on level 2 of the Dungeon.
You were completely stuffed.

You visited 1 branch of the dungeon, and saw 2 of its levels.

You collected 72 gold pieces.

Inventory:

Missiles
 a - 12 arrows
Potions
 b - a potion of flight
Comestibles
 c - a ration
 g - a chunk of flesh


   Skills:
 + Level 1.0 Fighting
 - Level 2.6 Dodging
 - Level 5.1 Stealth
 - Level 3.0 Unarmed Combat
 - Level 2.0 Spellcasting
 - Level 2.1 Transmutations


You couldn't memorise any spells.
You knew the following spells:

 Your Spells              Type           Power        Failure   Level  Hunger
a - Beastly Appendage     Tmut           ###...       1%          1    #......
b - Sticks to Snakes      Tmut           ###.....     1%          2    ###....
c - Spider Form           Tmut/Pois      ###.......   4%          3    ###....

Your spell library contained the following spells:

 Spells                   Type           Power        Failure   Level  Hunger
 Ice Form                 Ice/Tmut       ###.....     12%         4    #####..
 Blade Hands              Tmut           ###.......   19%         5    ######.


Dungeon Overview and Level Annotations

Branches:
Dungeon (2/15)

Altars:


Innate Abilities, Weirdness & Mutations

You cannot wear armour.
You are incapable of wielding weapons or throwing items.
Your paws allow you to move quietly. (Stealth)
You have sharp claws.
You have razor-sharp teeth.
You have supernaturally acute eyesight. (SInv)
You are carnivorous and can eat meat at any time.
You cover ground quickly.
You are covered in fur. (AC +1)
You have a slow metabolism.
Your sharp claws are effective at attacking unaware monsters.


Message History

Things that are here:
a giant cockroach corpse; an adder corpse
There is a lethal amount of poison in your body!
It was a potion of flight.
You feel very buoyant.
You fly up into the air.
It was a potion of brilliance.
You feel clever all of a sudden.
* * * LOW HITPOINT WARNING * * *
You feel sick.
* * * LOW HITPOINT WARNING * * *
You feel sick.
Your transformation is almost over.
* * * LOW HITPOINT WARNING * * *
You feel sick.
Found a runed large shield.
* * * LOW HITPOINT WARNING * * *
You feel sick.
Your horns disappear.
You die...

##.......#####.......#
##........##...<รท....
#.........+.........
#.#....#.##.........
#.#.#.##.###.......#
#.#..## # ##.....##
#.##.# ##...##
#.##[###.# ##+##
#..@.....# ####.#####
.# .. ##. .# . #.


There were no monsters in sight!

Vanquished Creatures
  2 adders (D:2)
  A dart slug (D:1)
  2 ball pythons (D:1)
  5 giant cockroaches
  4 goblins (D:1)
  3 hobgoblins (D:1)
  8 jackals (D:1)
  2 bats
  A frilled lizard (D:1)
  3 kobolds (D:1)
  7 rats
38 creatures vanquished.

Notes
Turn   | Place    | Note
-------+----------+-------------------------------------------
     0 | D:1      | MisterFreud the Felid Transmuter began the quest for the
                  | Orb.
     0 | D:1      | Reached XP level 1. HP: 9/9 MP: 4/4
   106 | D:1      | Reached skill level 1 in Stealth
   137 | D:1      | Reached skill level 2 in Stealth
   145 | D:1      | Reached XP level 2. HP: 8/12 MP: 6/6
   352 | D:1      | Reached skill level 3 in Stealth
   655 | D:1      | Reached skill level 4 in Stealth
   655 | D:1      | Reached XP level 3. HP: 15/15 MP: 5/7
  1248 | D:2      | Learned a level 2 spell: Sticks to Snakes
  1252 | D:2      | Learned a level 3 spell: Spider Form
  1442 | D:2      | Reached skill level 5 in Stealth
  1466 | D:2      | Succumbed to an adder's poison

Vault maps used:
D:1:      eino_arrival_tree_alley, minmay_octomino_e4

Skill      XL: |  1  2  3 |
---------------+----------+-----
Stealth        | 2 4 5 |  5.1
Fighting       | |  1.0
Dodging        | |  2.6
Unarmed Combat | |  3.0
Spellcasting   | |  2.0
Transmutations | |  2.1

Action                   || total
-------------------------++-------
Melee: Unarmed           ||   111
       Headbutt          ||     8
       Bite              ||    10
 Cast: Beastly Appendage ||    19
       Spider Form       ||     1
  Use: Scroll            ||     3
       Potion            ||     2
 Stab: Sleeping          ||     9
       Distracted        ||     2
  Eat: Chunk             ||     9
Armor: Skin              ||     7
Dodge: Dodged            ||    92

Table legend:
 A = Non-vault XP
 B = Vault XP
 C = Vault XP percentage of total XP
 D = Non-vault monster count
 E = Vault monster count
 F = Vault count percentage of total count
                 A         B        C        D         E       F
            +---------+---------+-------+---------+---------+-------
      Total |      82 |       5 |   5.7 |      35 |       3 |   7.9
            +---------+---------+-------+---------+---------+-------
        D:1 |      52 |       5 |   8.8 |      30 |       3 |   9.1
        D:2 |      30 |       0 |   0.0 |       5 |       0 |   0.0
            +---------+---------+-------+---------+---------+-------
